AoeStats
← ska_18

Black Forest

504985464Analyzed
3v3 RM · 25d ago on Sep 7, 2026· 64m 3s· 6 players
Game mode
Random Map
Map size
Normal (6 player)
Population
200
Speed
Normal
Resources
Standard
Victory
Conquest
Starting age
Dark Age
Ending age
Imperial Age
RankedLock teamsTeams togetherTeam positionsShared explorationLock speedFull tech treeHidden civsTurbo modeCheats
Victory
Defeat
🇹🇼 Italians · Taiwan
1156
+12
🇹🇼 Spanish · Taiwan
1129
+13
🇹🇼 Persians · Taiwan
1033
+17
🇪🇸 Franks · Spain
1095
-15
🇪🇸 Persians · Spain
1051
-14
🇦🇹 Saracens · Austria
1042
-13
ska_18
1:06 Loom
12:22 Feudal Age
15:19 Double-Bit Axe
18:11 Castle Age
16:35 Horse Collar
20:10 Wheelbarrow
23:45 Bow Saw
23:44 Gold Mining
23:45 Stone Mining
24:01 Stone Mining
25:31 Caravan
26:38 Gold Shaft Mining
26:06 Heavy Plow
26:17 Town Watch
27:49 Hand Cart
28:13 Gold Shaft Mining
28:53 Fervor
29:04 Sanctity
29:26 Forging
29:07 Fletching
31:06 Iron Casting
30:37 Scale Barding Armor
32:27 Bodkin Arrow
33:06 Coinage
34:31 Town Patrol
37:17 Imperial Age
35:20 Chain Barding Armor
35:46 Treadmill Crane
36:01 Murder Holes
36:17 Masonry
36:18 Fortified Wall
38:01 Bimaristan
39:35 Two-Man Saw
39:37 Chemistry
38:59 Conscription
38:19 Elite Mameluke
39:35 Hoardings
39:32 Bloodlines
39:23 Husbandry
38:44 Light Cavalry
41:36 Banking
41:27 Siege Engineers
42:02 Plate Barding Armor
42:29 Blast Furnace
42:01 Bracer
41:25 Hussar
52:01 Ballistics
Slingmachine
0:40 Loom
12:40 Feudal Age
13:22 Double-Bit Axe
16:16 Castle Age
17:03 Bow Saw
20:40 Horse Collar
23:27 Heavy Plow
28:24 Wheelbarrow
28:37 Stone Mining
28:57 Caravan
31:47 Stone Shaft Mining
31:54 Hand Cart
32:33 Forging
32:28 Scale Barding Armor
35:19 Imperial Age
32:36 Town Watch
34:20 Iron Casting
34:24 Chain Barding Armor
35:00 Elite War Elephant
36:01 Conscription
35:50 Gold Mining
37:05 Blast Furnace
37:04 Plate Barding Armor
37:47 Hoardings
37:43 Citadels
37:47 Bloodlines
37:38 Husbandry
Reimalo_2
0:43 Loom
11:13 Feudal Age
16:47 Castle Age
15:13 Double-Bit Axe
22:35 Fletching
25:01 Bodkin Arrow
26:45 Town Watch
27:58 Husbandry
32:43 Imperial Age
30:45 Gold Mining
31:36 Forging
32:17 Gold Shaft Mining
31:49 Scale Barding Armor
33:19 Iron Casting
33:49 Conscription
35:26 Blast Furnace
35:11 Chain Barding Armor
36:07 Cavalier
38:15 Wheelbarrow
39:45 Plate Barding Armor
38:45 Paladin
41:26 Hand Cart
YA董
11:27 Feudal Age
15:20 Castle Age
13:42 Double-Bit Axe
13:38 Horse Collar
14:33 Loom
20:45 Wheelbarrow
20:27 Bow Saw
20:53 Heavy Plow
21:10 Stone Mining
24:18 Hand Cart
25:23 Fletching
28:27 Gold Mining
29:15 Stone Shaft Mining
31:19 Imperial Age
29:42 Bodkin Arrow
29:48 Padded Archer Armor
32:29 Conscription
31:34 Elite Genoese Crossbowman
32:21 Bracer
32:40 Leather Archer Armor
32:56 Masonry
33:26 Murder Holes
33:52 Ballistics
34:33 Chemistry
33:14 Treadmill Crane
36:16 Ring Archer Armor
36:19 Crop Rotation
36:57 Two-Man Saw
44:09 Fervor
44:20 Sanctity
50:57 Redemption
51:04 Block Printing
51:26 Theocracy
51:19 Illumination
22noooooob
0:43 Loom
13:15 Feudal Age
17:45 Castle Age
17:01 Horse Collar
17:09 Double-Bit Axe
18:44 Heavy Plow
25:57 Wheelbarrow
27:42 Gold Mining
32:29 Imperial Age
30:18 Fletching
30:35 Scale Barding Armor
30:41 Forging
31:32 Bow Saw
31:53 Hand Cart
31:58 Bodkin Arrow
32:03 Padded Archer Armor
32:45 Bloodlines
32:35 Husbandry
33:36 Conscription
32:52 Cavalier
34:52 Chain Barding Armor
35:09 Iron Casting
36:54 Chemistry
35:55 Stone Mining
36:34 Paladin
37:59 Plate Barding Armor
39:18 Blast Furnace
37:47 Pikeman
38:27 Squires
38:13 Gambesons
38:33 Scale Mail Armor
38:34 Bracer
41:31 Chain Mail Armor
44:46 Plate Mail Armor
44:32 Leather Archer Armor
48:45 Halberdier
49:58 Ring Archer Armor
50:39 Elite Skirmisher
51:24 Thumb Ring
給你舒服
1:26 Loom
12:39 Feudal Age
13:02 Double-Bit Axe
15:24 Horse Collar
18:43 Castle Age
17:47 Gold Mining
23:55 Bow Saw
27:33 Wheelbarrow
27:20 Heavy Plow
28:37 Kamandaran
28:07 Crossbowman
29:01 Fletching
29:17 Scale Barding Armor
29:46 Ballistics
29:47 Thumb Ring
30:08 Padded Archer Armor
31:09 Bodkin Arrow
35:54 Imperial Age
34:04 Leather Archer Armor
35:37 Chain Barding Armor
35:42 Masonry
36:18 Forging
36:42 Ring Archer Armor
37:40 Chemistry
37:26 Caravan
39:41 Hoardings
38:30 Elite War Elephant
40:43 Conscription
44:47 Citadels
44:35 Pikeman
45:16 Squires
45:03 Arson
45:26 Scale Mail Armor
46:02 Iron Casting
45:38 Halberdier
50:42 Architecture
56:42 Elite Skirmisher
Connection lost

Rejoining the realm…

Still unreachable

The connection could not be restored.

Session expired

The server has moved on; the page needs a fresh start.